 Dungeon Crawl Stone Soup version 0.26.1-11-gd32895ea62 (webtiles) character file.

Game seed: 10932412519430095007

10441 Ezendos the Fighter (level 11, 0/127 HPs)
             Began as an Ogre Venom Mage on July 20, 2021.
             Was a Believer of the Shining One.
             Slain by a black mamba (11 damage)
             ... on level 1 of the Lair of Beasts.
             The game lasted 00:36:05 (22074 turns).

Ezendos the Fighter (Ogre Venom Mage)              Turns: 22074, Time: 00:36:05

Health: 0/127      AC:  5    Str: 17    XL:     11   Next: 62%
Magic:  18/18      EV: 14    Int: 16    God:    the Shining One [**....]
Gold:   854        SH:  8    Dex:  9    Spells: 15/20 levels left

rFire    . . .     SeeInvis .   a - +2 spear (venom)
rCold    . . .     Faith    .   E - +0 kite shield
rNeg     + . .     Spirit   .   s - +0 robe of the Rose {Will+}
rPois    .         Reflect  .   (helmet restricted)
rElec    .         Harm     .   v - +1 cloak
rCorr    .         Rampage  .   (gloves unavailable)
Will     ++...                  (boots unavailable)
Stlth    +.........             y - amulet of magic regeneration
HPRegen  0.31/turn              J - +4 ring of evasion
MPRegen  0.41/turn              (no ring)

@: glowing
A: large, unfitting armour, tough skin 1
a: Renounce Religion, Divine Shield


You were on level 1 of the Lair of Beasts.
You worshipped the Shining One.
The Shining One was pleased with you.
You visited 2 branches of the dungeon, and saw 13 of its levels.

You collected 854 gold pieces.

Inventory:

Hand Weapons
 a - a +2 spear of venom (weapon)
 b - a +2 whip of electrocution
 i - a +1 dagger of venom
 w - a +0 giant spiked club
Missiles
 r - a throwing net
 C - 26 bolts
Armour
 s - the +0 robe of the Rose (worn) {Will+}
   (You found it on level 6 of the Dungeon)

   It affects your willpower, your defense against some magical effects.
 v - a +1 cloak (worn)
 E - a +0 kite shield (worn)
Jewellery
 y - an amulet of magic regeneration (around neck)
 I - an uncursed amulet of guardian spirit
 J - a +4 ring of evasion (left hand)
Wands
 k - a wand of flame (71)
 o - a wand of iceblast (12)
 F - a wand of acid (6)
Scrolls
 c - 8 scrolls of remove curse
 f - 5 scrolls of fog
 g - 6 scrolls of teleportation
 n - a scroll of enchant armour
 p - 4 scrolls of amnesia
 q - a scroll of enchant weapon
 t - 4 scrolls of fear
 u - 2 scrolls of immolation
 z - a scroll of vulnerability
 A - 2 scrolls of magic mapping
 B - 2 scrolls of identify
 K - a scroll of brand weapon {unknown}
Potions
 d - 3 potions of haste
 e - 3 potions of curing
 h - 2 potions of magic
 j - 2 potions of cancellation
 l - 3 potions of heal wounds
 m - 2 potions of flight
 x - a potion of resistance
 D - 3 potions of attraction
 G - a potion of might
Miscellaneous
 H - a condenser vane


   Skills:
 + Level 13.5 Fighting
 + Level 4.5 Polearms
 - Level 3.0 Armour
 - Level 5.0 Dodging
 - Level 2.0 Stealth
 * Level 3.6 Shields
 - Level 5.0 Spellcasting
 + Level 4.5 Conjurations
 - Level 0.8 Transmutations
 - Level 5.0 Air Magic
 - Level 5.0 Poison Magic
 + Level 5.4 Invocations


You had 15 spell levels left.
You knew the following spells:

 Your Spells              Type           Power        Failure   Level
a - Mephitic Cloud        Conj/Pois/Air  19%          19%         3
b - Poisonous Vapours     Pois/Air       40%          9%          2

Your spell library contained the following spells:

 Spells                   Type           Power        Failure   Level
 Sting                    Tmut/Pois      52%          14%         1
 Corona                   Hex            4%           43%         1
 Conjure Flame            Conj/Fire      11%          50%         3
 Dazzling Flash           Conj/Hex       22%          50%         3
 Olgreb's Toxic Radiance  Pois           20%          52%         4
 Ignite Poison            Fire/Tmut/Pois 10%          54%         3
 Ensorcelled Hibernation  Hex/Ice        8%           56%         2
 Slow                     Hex            4%           56%         2
 Confusing Touch          Hex            4%           80%         3
 Inner Flame              Hex/Fire       4%           80%         3
 Portal Projectile        Hex/Tloc       8%           80%         3
 Tukima's Dance           Hex            4%           80%         3
 Cause Fear               Hex            2%           99%         4
 Leda's Liquefaction      Hex/Erth       2%           99%         4
 Freezing Cloud           Conj/Ice/Air   7%           100%        6


Dungeon Overview and Level Annotations

Branches:
Dungeon (11/15)            Temple (0/1) D:6            Lair (2/6) D:9
    Orc (0/2) D:9
  Swamp: Lair:2-4    Shoals: Lair:2-4     Snake: Lair:2-4    Spider: Lair:2-4

Altars:
Makhleb
Qazlal
Ru
Trog
Vehumet
Xom
The Shining One
Beogh

Shops:
D:7 (


Innate Abilities, Weirdness & Mutations

You are too large for most types of armour.
You have tough skin. (AC +1)


Message History

Casting: Poisonous Vapours (safe; 9% risk of failure)
Confirm with . or Enter, or press ? or * to list all spells.
Aiming: Poisonous Vapours (safe; 9% risk of failure)
Press: ? - help, Dir - move target, f - black mamba
Aim: a black mamba (severely wounded, very poisoned, haloed) But poisonous vapours would do no harm to the black mamba!
You feel sick. The black mamba closely misses you.
You feel sick. You block the black mamba's attack.
You barely miss the black mamba.
The black mamba is severely wounded.
You feel sick. The black mamba bites you.
* * * LOW HITPOINT WARNING * * *
You feel better. The black mamba closely misses you. The black mamba bites you!
* * * LOW HITPOINT WARNING * * *
Aiming: Throw Flame
Press: ? - help, Shift-Dir - straight line, f/p - black mamba
Aim: a black mamba (almost dead, very poisoned, haloed, 34% to evade)
The puff of flame misses the black mamba.
You block the black mamba's attack. The black mamba bites you!
You die...

...............## #.######.#....#
....#...........###.#...........#
....#....##.....................#
....#..#.##..#........#...##....#
....#....##..###......####......#
#......#.#.#.#...#....####....###
##.....###.....>..#...#.##....#
....#..##.......S##...........##
..#...#.......##@####...##.....#
................#.##.#..####...##
....⌠....###...................P#
#........##..................#.##
..⌠...⌠.###........########.#..##
#.......###..###.#.## ##.......#
....⌠.....#.....#...# #P........
..........#.....#..######........
..###(##...#............#.......#


You could see a black mamba (very poisoned).

Vanquished Creatures
  2 hydras (Lair:1)
  2 two-headed ogres
  Pikel (D:7)
  An ugly thing (D:8)
  A black mamba (Lair:1)
  3 komodo dragons
  A wraith (D:10)
  2 basilisks (Lair:1)
  A wyvern (D:8)
  A swamp worm (Lair:2)
  3 water moccasins (Lair:1)
  2 ice beasts
  A phantom (D:5)
  3 orc warriors
  A black bear (D:9)
  A sky beast (D:9)
  9 ogres
  4 centaurs
  2 lemures (D:7)
  A big kobold (D:7)
  10 bullfrogs
  2 gnoll sergeants
  A wyvern zombie (D:8)
  4 scorpions
  3 killer bees (D:9)
  5 wights
  A howler monkey (D:5)
  A bullfrog zombie (D:8)
  6 hounds
  6 jellies
  2 bullfrog skeletons
  5 orc priests
  2 centaur skeletons
  9 orc wizards
  2 iguanas
  10 worker ants
  A hound skeleton (D:8)
  A howler monkey zombie (D:8)
  9 gnolls
  16 adders
  A shadow imp (D:7)
  An ufetubus (D:6)
  2 oozes
  An adder zombie (D:6)
  3 worms
  3 dart slugs
  4 leopard geckos
  44 orcs
  8 bats
  8 giant cockroaches
  15 hobgoblins
  2 jackals (D:10)
  7 kobolds
  8 quokkas
  A ball python (D:3)
  6 frilled lizards
  12 goblins
  A quokka zombie (D:6)
  7 rats
272 creatures vanquished.

Vanquished Creatures (others)
  2 fungi
  6 plants
8 creatures vanquished.

Grand Total: 280 creatures vanquished

Notes
Turn   | Place    | Note
-------+----------+-------------------------------------------
     0 | D:1      | Ezendos the Ogre Venom Mage began the quest for the Orb.
     0 | D:1      | Reached XP level 1. HP: 16/16 MP: 3/3
   127 | D:1      | Reached skill level 1 in Fighting
   435 | D:1      | Reached skill level 2 in Fighting
   481 | D:1      | Reached XP level 2. HP: 24/29 MP: 1/5
   547 | D:1      | Learned a level 2 spell: Poisonous Vapours
   772 | D:1      | Reached skill level 3 in Fighting
  1101 | D:1      | Reached XP level 3. HP: 37/37 MP: 1/6
  2342 | D:1      | Reached XP level 4. HP: 45/45 MP: 0/8
  3014 | D:2      | Reached skill level 1 in Air Magic
  3121 | D:2      | Found a glowing golden altar of the Shining One.
  3219 | D:2      | Became a worshipper of the Shining One
  3720 | D:3      | Reached XP level 5. HP: 47/54 MP: 4/9
  4011 | D:3      | Reached skill level 4 in Fighting
  4971 | D:3      | Reached XP level 6. HP: 63/63 MP: 2/11
  5415 | D:4      | Reached skill level 5 in Fighting
  6205 | D:4      | Noticed a phantom
  6677 | D:4      | Reached skill level 6 in Fighting
  6677 | D:4      | Reached XP level 7. HP: 76/76 MP: 6/13
  6751 | D:4      | Found a burning altar of Makhleb.
  7019 | D:4      | Reached skill level 7 in Fighting
  7292 | D:5      | Entered Level 5 of the Dungeon
  7996 | D:4      | Reached skill level 8 in Fighting
  8761 | D:5      | Reached skill level 9 in Fighting
  8761 | D:5      | Reached XP level 8. HP: 92/92 MP: 7/14
  9094 | D:5      | Reached skill level 10 in Fighting
  9216 | D:5      | Found a sacrificial altar of Ru.
  9797 | D:6      | Reached * piety under the Shining One
 10120 | D:6      | Reached skill level 11 in Fighting
 10430 | D:6      | Got a distressingly furry robe
 10448 | D:6      | Identified the +0 robe of the Rose {Will+} (You found it on
                  | level 6 of the Dungeon)
 10473 | D:6      | Found a staircase to the Ecumenical Temple.
 10764 | D:6      | Reached skill level 12 in Fighting
 11067 | D:7      | Learned a level 3 spell: Mephitic Cloud
 11081 | D:7      | Reached XP level 9. HP: 106/106 MP: 1/15
 11298 | D:7      | Reached skill level 1 in Invocations
 11501 | D:7      | Reached skill level 1 in Armour
 11568 | D:7      | Found Miegogi's Weapon Shoppe.
 11730 | D:7      | Reached skill level 1 in Conjurations
 12329 | D:7      | Found a bloodstained altar of Trog.
 12329 | D:7      | Found a stormy altar of Qazlal.
 12580 | D:7      | Noticed Pikel
 12603 | D:7      | Killed Pikel
 12604 | D:7      | Reached skill level 1 in Polearms
 12756 | D:8      | Found a radiant altar of Vehumet.
 13553 | D:8      | Noticed a two-headed ogre
 14005 | D:8      | Reached ** piety under the Shining One
 15018 | D:8      | Reached XP level 10. HP: 86/118 MP: 14/16
 15633 | D:9      | Noticed a two-headed ogre
 15669 | D:8      | Killed a two-headed ogre
 16127 | D:9      | Found a staircase to the Lair.
 16312 | D:9      | Noticed a purple ugly thing
 16336 | D:8      | Killed a purple ugly thing
 16567 | D:9      | Found a staircase to the Orcish Mines.
 17051 | D:9      | Found a roughly hewn altar of Beogh.
 17374 | D:9      | Killed a two-headed ogre
 17375 | D:9      | Reached skill level 13 in Fighting
 17604 | D:9      | Noticed a two-headed ogre
 17625 | D:9      | Reached skill level 1 in Shields
 18357 | D:10     | Entered Level 10 of the Dungeon
 18369 | D:10     | Found a shimmering altar of Xom.
 18436 | D:10     | Reached XP level 11. HP: 118/127 MP: 15/17
 18567 | D:10     | Reached skill level 5 in Air Magic
 19179 | D:10     | Reached skill level 5 in Poison Magic
 19691 | Lair:1   | Entered Level 1 of the Lair of Beasts
 19985 | Lair:1   | Noticed a four-headed hydra
 20013 | Lair:1   | Killed a four-headed hydra
 21029 | Lair:1   | Noticed a seven-headed hydra
 21066 | Lair:1   | Killed a seven-headed hydra
 21067 | Lair:1   | Reached skill level 5 in Invocations
 21446 | Lair:1   | Reached skill level 5 in Spellcasting
 21996 | Lair:2   | Reached skill level 5 in Dodging
 22074 | Lair:1   | Slain by a black mamba

Illustrated notes

Levels and vault maps discovered:
D:1:      minmay_arrival_shattered_statue, layout_loops_corners, serial_rivers,
          chequers_serial_rivers_micro_c, chequers_serial_rivers_micro_e,
          chequers_serial_rivers_room_b, chequers_serial_rivers_room_a,
          serial_bayou_pond_d
D:2:      layout_basic, lemuel_crystal_altar, chequers_serial_rivers_micro_d,
          minivault_14, minmay_cut_off
D:3:      layout_rooms, minmay_increasing_density
D:4:      layout_basic, makhleb_blood_cavern_becter
D:5:      layout_loops_cross, nicolae_ru_the_path_less_chosen,
          kennysheep_small_square
D:6:      cheibrodos_helix_gallery, layout_loops_cross,
          minmay_temple_entry_trees
D:7:      layout_loops_ring, gammafunk_temple_overflow_statue, serial_shops,
          shop, st_stairs_10, uniq_pikel
D:8:      layout_gridville, minmay_misc_feat_four_crosses, vehumet_altar_wand_db
D:9:      kennysheep_blocky_room, layout_gridville, dpeg_oklobed_lair,
          minmay_orc_entry_temple_small
D:10:     layout_roguey, basic_altar
D:11:     layout_loops_ring
Lair:1:   layout_gridlike, grunt_megastairs_4
Lair:2:   layout_misc_corridors, palyth_hydra_swamp_entry, dummy_spider_entry,
          enter_volcano_3, minmay_lair_oklob_chamber, lemuel_fruit_tree

Skill      XL: |  1  2  3  4  5  6  7  8  9 10 11 |
---------------+----------------------------------+-----
Fighting       | 2 3 4 6 9 12 13 | 13.5
Poison Magic   | 3 4 5 |  5.0
Spellcasting   | 3 4 5 |  5.0
Air Magic      | 1 2 3 4 5 |  5.0
Stealth        | 2 |  2.0
Dodging        | 3 4 5 |  5.0
Invocations    | 3 4 5 |  5.4
Armour         | 2 3 |  3.0
Conjurations   | 2 3 4 |  4.5
Polearms       | 2 3 4 |  4.5
Shields        | 1 3 |  3.6
Transmutations | |  0.8

Action                   |  1- 3 |  4- 6 |  7- 9 | 10-12 || total
-------------------------+-------+-------+-------+-------++-------
Melee: Unarmed           |     9 |    14 |       |       ||    23
       Dagger            |       |    78 |    58 |       ||   136
       Giant spiked club |       |       |    63 |       ||    63
       Quarterstaff      |       |       |    11 |       ||    11
       Spear             |       |       |    44 |   110 ||   154
       Whip              |       |       |    42 |   138 ||   180
 Cast: Sting             |    35 |    49 |     5 |       ||    89
       Poisonous Vapours |    36 |    92 |   108 |   123 ||   359
Invok: Divine Shield     |       |       |       |     3 ||     3
Evoke: Wand              |       |       |       |    11 ||    11
  Use: Scroll            |       |       |    17 |     8 ||    25
       Potion            |       |       |       |     1 ||     1
Armor: Robe              |     7 |    26 |    76 |    40 ||   149
Dodge: Dodged            |    17 |    51 |   150 |   119 ||   337
Block: Kite shield       |       |       |       |    87 ||    87
